 Dungeon Crawl Stone Soup version 0.29.1-15-g9cfb28693d (webtiles) character file.

Game seed: 15988016558154738840

6722 hawla the Arsonist (level 11, -3/82 HPs)
             Began as a Meteoran Fire Elementalist on Feb 22, 2023.
             Was a Believer of Jiyva.
             Slain by a death yak (19 damage)
             ... led by a torpor snail
             ... on level 2 of the Lair of Beasts.
             The game lasted 00:19:56 (4434 turns).

hawla the Arsonist (Meteoran Fire Elementalist)     Turns: 4434, Time: 00:19:57

Health: -3/82      AC:  8    Str: 14    XL:     11   Next: 47%
Magic:  20/27      EV: 15    Int: 19    God:    Jiyva [**....]
Gold:   1861       SH:  5    Dex: 21    Spells: 25/32 levels left

rFire   . . .      SeeInvis +   p - +4 long sword (protect)
rCold   + . .      Faith    .   (no shield)
rNeg    . . .      Spirit   .   A - +2 robe {Archmagi}
rPois   .          Reflect  +   w - +1 helmet {SInv}
rElec   .          Harm     .   v - scarf {repulsion}
rCorr   +          Rampage  .   d - +1 pair of gloves
Will    +....      Archmagi +   (no boots)
Stlth   +.........              i - amulet of reflection
HPRegen 1.19/turn               r - +6 ring of strength
MPRegen 0.50/turn               (no ring)

@: slowed, glowing, repel missiles, very slow
A: sense surroundings 2, otherworldly, glowing, explore regen, hooves 1, agile
1, cold resistance 1
a: Renounce Religion


You were on level 2 of the Lair of Beasts.
You worshipped Jiyva.
Jiyva was pleased with you.
You visited 2 branches of the dungeon, and saw 10 of its levels.
You also visited: Sewer and Ossuary.

You collected 2075 gold pieces.
You spent 214 gold pieces at shops.

Inventory:

Hand Weapons
 p - a +4 long sword of protection (weapon)
Armour
 d - a +1 pair of gloves (worn)
 v - a scarf of repulsion (worn)
 w - a +1 helmet of see invisible (worn)
 A - a +2 robe of the Archmagi (worn)
Jewellery
 i - an amulet of reflection (around neck)
 r - a +6 ring of strength (left hand)
Wands
 t - a wand of flame (14) (quivered)
Scrolls
 c - a scroll of summoning {unknown}
 h - a scroll of vulnerability {unknown}
 k - 2 scrolls of magic mapping {unknown}
 l - 2 scrolls of blinking
 s - a scroll of identify
 u - 3 scrolls of teleportation
 x - a scroll of torment {unknown}
 y - a scroll of fear
Potions
 b - 5 potions of magic
 e - 4 potions of brilliance
 f - 2 potions of attraction
 g - 2 potions of cancellation
 j - 3 potions of heal wounds
 m - a potion of ambrosia
 n - a potion of flight
 o - 3 potions of might
 q - a potion of haste
 z - a potion of resistance {unknown}


   Skills:
 + Level 3.2 Fighting
 + Level 5.9 Long Blades
 + Level 5.4 Dodging
 - Level 1.4 Stealth
 + Level 11.2 Spellcasting
 + Level 8.1 Conjurations
 + Level 11.5 Fire Magic
 + Level 3.0 Evocations


You had 25 spell levels left.
You knew the following spells:

 Your Spells              Type           Power      Damage    Failure   Level
a - Foxfire               Conj/Fire      100%       2x1d9     1%          1
b - Scorch                Fire           100%       2d10      1%          2
c - Flame Wave            Conj/Fire      64%        2d15      1%          4

Your spell library contained the following spells:

 Spells                   Type           Power      Damage    Failure   Level
 Conjure Flame            Conj/Fire      64%        6-21      1%          3
 Inner Flame              Hex/Fire       48%        N/A       1%          3


Dungeon Overview and Level Annotations

Branches:
Dungeon (8/15) Zot: 896    Temple (0/1) D:7            Lair (2/5) D:8 Zot: 1041
  Sewer (visited)         Ossuary (visited)
  Swamp: Lair:2-3    Shoals: Lair:2-3     Snake: Lair:2-3    Spider: Lair:2-3

Altars:
Ashenzari
Fedhas
Hepliaklqana
Makhleb
Okawaru
Ru
Trog
Vehumet
Yredelemnul
Zin

Shops:
D:5 ([   D:6 [


Innate Abilities, Weirdness & Mutations

You passively map the area around you.
You are easily found by Zot.
You glow in the dark.
You regain HP and MP as you explore.
You have large cloven feet.
You are agile. (Dex +4, Str/Int -1)
Your flesh is cold resistant. (rC+)


Message History

The bullfrog closely misses you. The bullfrog barely misses you.
An electric eel comes into view.
The torpor snail completely misses you. The bullfrog misses you.
The death yak gores you but does no damage.
An electric eel comes into view.
A wave of flame ripples out!
The flame wave engulfs the torpor snail!
The torpor snail is severely wounded.
The flame wave engulfs the death yak!
The death yak is moderately wounded.
The flame wave engulfs the bullfrog!!
You kill the bullfrog!
The flame wave engulfs the death yak!
The death yak is lightly wounded.
The flame wave engulfs the fungus!
The fungus begins to die.
The fungus is lightly damaged.
You finish channelling waves of flame.
The torpor snail bites you!
The death yak gores you but does no damage.
Casting: Flame Wave (mildly dangerous; 1% risk of failure)
Confirm with . or Enter, or press ? or * to list all spells.
Casting: Flame Wave (mildly dangerous; 1% risk of failure)
Press: ? - help, Dir - look around, f - activate You feel a surge of power!
A wave of flame ripples out!
The flame wave engulfs the torpor snail.
The torpor snail is severely wounded.
The flame wave engulfs the death yak!
The death yak is heavily wounded.
The flame wave engulfs the death yak!
The death yak is moderately wounded. (Press . to intensify the flame waves.)
You hear an angry hiss.
The death yak gores you!!
* * * LOW HITPOINT WARNING * * *
The death yak barely misses you.
The jelly hits the fungus.
The fungus begins to die.
The fungus is splashed with acid.
The acid corrodes the fungus!
The torpor snail bites you!
* * * LOW HITPOINT WARNING * * *
A komodo dragon comes into view.
The death yak gores you!!
You die...

#P....##
#...##
#.....# ##..#
##....# #..##
P..... ##...#
#P...##
#...## , * *
##...# ,,,
,JP#####....#
, ,
..........##
,
,,.......@..#
,
...<..wYY..#
* ,
..........##
..P#.#..P.# ,
, ........#.♣
* ,
........♣♣♣
** , ,
...~~~SSP ~ *
...P~Pl~~~~ ,
, , ~


You could see 2 death yaks, a torpor snail, a komodo dragon, 2 electric eels and
a neutral jelly (wandering, slow) (fellow slime).

Vanquished Creatures
  A two-headed ogre (D:7)
  An elephant (D:8)
  2 cane toads (Lair:2)
  Psyche (D:8)
  Prince Ribbit (D:6)
  A yak (D:7)
  2 wyverns
  Menkaure (D:4)
  A steam dragon (D:8)
  3 water moccasins
  4 sky beasts
  4 black bears
  2 ice beasts
  2 ogres (D:7)
  4 centaurs
  4 phantoms
  2 kobold brigands
  3 bullfrogs
  3 necrophages
  6 scorpions
  A gnoll sergeant (D:7)
  6 wights
  A howler monkey (D:5)
  A centaur zombie (Ossuary)
  2 human zombies (Ossuary)
  3 hounds
  A gnoll bouda (D:7)
  7 jellies
  2 iguanas
  2 orc wizards
  3 mummies (Ossuary)
  7 gnolls (D:7)
  9 adders
  2 river rats (D:6)
  An ufetubus (D:5)
  A worm (D:6)
  A dart slug (D:4)
  14 orcs
  2 bats (D:1)
  9 endoplasms
  7 giant cockroaches
  A hobgoblin (D:1)
  3 jackals (D:5)
  12 kobolds
  A quokka (D:1)
  10 ball pythons
  3 frilled lizards (Sewer)
  2 goblins
  A goblin zombie (Ossuary)
  A kobold zombie (Ossuary)
  3 orc zombies (Ossuary)
  7 rats
174 creatures vanquished.

Vanquished Creatures (collateral kills)
  4 foxfires
4 creatures vanquished.

Vanquished Creatures (others)
  A black bear (D:7)
  3 jellies
  214 foxfires
  4 fungi
  9 plants
231 creatures vanquished.

Grand Total: 409 creatures vanquished

Notes
Turn   | Place    | Note
-------+----------+-------------------------------------------
     0 | D:1      | hawla the Meteoran Fire Elementalist began the quest for
                  | the Orb.
     0 | D:1      | Reached XP level 1. HP: 14/14 MP: 5/5
    54 | D:1      | Found a faded altar of an unknown god.
    69 | D:1      | Reached XP level 2. HP: 18/20 MP: 1/6
   209 | D:2      | Learned a level 2 spell: Scorch
   217 | D:2      | Reached XP level 3. HP: 23/26 MP: 1/8
   283 | D:4      | Noticed a scorpion
   291 | D:4      | Killed a scorpion
   292 | D:4      | Reached XP level 4. HP: 5/33 MP: 1/10
   292 | D:4      | Reached XP level 5. HP: 6/38 MP: 1/11
   311 | D:4      | Reached skill level 5 in Fire Magic
   340 | D:4      | Learned a level 4 spell: Flame Wave
   343 | D:4      | Noticed Menkaure
   346 | D:4      | Killed Menkaure
   347 | D:4      | Reached XP level 6. HP: 24/45 MP: 5/13
   562 | D:4      | Reached skill level 5 in Conjurations
   562 | D:4      | Reached XP level 7. HP: 50/50 MP: 8/14
   748 | D:4      | Found a hazy altar of Hepliaklqana.
   874 | D:4      | Found a blossoming altar of Fedhas.
   932 | D:5      | Entered Level 5 of the Dungeon
   936 | D:5      | Gained mutation: You are agile. (Dex +4, Str/Int -1)
                  | [potion of mutation]
   936 | D:5      | Gained mutation: Your flesh is cold resistant. (rC+)
                  | [potion of mutation]
   936 | D:5      | Gained mutation: You have large cloven feet. [potion of
                  | mutation]
   943 | D:5      | Identified 2 scrolls of acquirement
   943 | D:5      | Acquired 908 gold pieces
   954 | D:5      | Found Wujewycw's Antique Armour Boutique.
   966 | D:5      | Reached skill level 5 in Spellcasting
  1131 | D:5      | Reached XP level 8. HP: 53/57 MP: 11/17
  1156 | D:5      | Noticed a wyvern
  1165 | D:5      | Killed a wyvern
  1276 | D:5      | Found a glowing silver altar of Zin.
  1300 | D:5      | Reached skill level 1 in Long Blades
  1339 | D:5      | Found an iron altar of Okawaru.
  1339 | D:5      | Found a burning altar of Makhleb.
  1369 | D:5      | Found Xeexikk's Weapon Emporium.
  1461 | D:5      | Found a sand-covered staircase.
  1470 | Ossuary  | Entered an ossuary
  1471 | Ossuary  | Acquired 734 gold pieces
  1547 | Ossuary  | Gained mutation: You passively map the area around you.
                  | [Meteoran growth]
  1547 | Ossuary  | Reached XP level 9. HP: 63/63 MP: 1/20
  1838 | D:5      | Found a bloodstained altar of Trog.
  2486 | D:6      | Found a broken altar of Ashenzari.
  2602 | D:6      | Reached skill level 1 in Fighting
  2626 | D:6      | Found a sacrificial altar of Ru.
  2744 | D:6      | Found Vevix's Armour Shop.
  2769 | D:6      | Bought a +1 helmet of see invisible for 214 gold pieces
  2861 | D:6      | Reached XP level 10. HP: 71/71 MP: 20/23
  2867 | D:6      | Noticed Prince Ribbit
  2872 | D:6      | Killed Prince Ribbit
  2918 | D:6      | Reached skill level 1 in Evocations
  2925 | D:6      | Found a glowing drain.
  2930 | Sewer    | Entered a sewer
  3092 | Sewer    | Found a viscous altar of Jiyva.
  3101 | Sewer    | Became a worshipper of Jiyva Juamm the Shapeless
  3349 | D:7      | Found a staircase to the Ecumenical Temple.
  3411 | D:7      | Found a radiant altar of Vehumet.
  3498 | D:7      | Identified the +2 flail of Ru's Scorn {flame, rN+ rCorr}
  3658 | D:7      | Found a basalt altar of Yredelemnul.
  3890 | D:7      | Reached skill level 10 in Fire Magic
  3890 | D:7      | Reached * piety under Jiyva
  3890 | D:7      | Noticed a two-headed ogre
  3897 | D:7      | Killed a two-headed ogre
  3898 | D:7      | Reached skill level 10 in Spellcasting
  3903 | D:7      | Reached skill level 5 in Dodging
  3904 | D:7      | Reached XP level 11. HP: 45/80 MP: 4/26
  3905 | D:7      | Reached skill level 5 in Long Blades
  3926 | D:7      | Found a blossoming altar of Fedhas.
  4094 | D:8      | Noticed Psyche
  4097 | D:8      | Killed Psyche
  4224 | D:8      | Noticed an elephant
  4235 | D:8      | Killed an elephant
  4242 | D:8      | Found a staircase to the Lair.
  4280 | Lair:1   | Entered Level 1 of the Lair of Beasts
  4317 | Lair:2   | Reached ** piety under Jiyva
  4426 | Lair:2   | Noticed a torpor snail
  4428 | Lair:2   | Noticed a death yak
  4429 | Lair:2   | Noticed a death yak
  4434 | Lair:2   | Slain by a death yak

Illustrated notes

Levels and vault maps discovered:
D:1:      roderic_crop_circles_arrival_small, layout_basic,
          ebering_ecumenical_altar_petrified, serial_forest,
          infiniplex_forest_lined_3_way, infiniplex_forest_lined_4_way,
          infiniplex_forest_lined_3, infiniplex_forest_lined_4_way,
          infiniplex_forest_clump_C, dreamdust_princess_bridge
D:2:      layout_loops_ring, uniq_terence, uniq_sigmund
D:3:      layout_basic, mainiacjoe_overflow_alcove_4, serial_shops,
          nicolae_shop_hallway_stairs
D:4:      layout_basic, nzn_hepliaklqana_mist_gate, fedhas_altar_fruit_tree,
          minmay_starry_boxes, uniq_menkaure
D:5:      layout_layer_cave, zin_scriptorium, kennysheep_little_box,
          gammafunk_temple_overflow_wave, enter_ossuary_1, serial_shops,
          shop_statue, nicolae_stop_n_shop_1
D:6:      layout_rooms, nicolae_ru_sacrificial_ziggurat,
          cheibrodos_ashenzari_chains, serial_shops, nicolae_stop_n_shop_1,
          lightli_sewer_entry_pipes, grunt_tough_drop, uniq_prince_ribbit1
D:7:      kb_forest_paths, layout_cave_pools, mainiacjoe_overflow_chevrons,
          general_overflow_altar, minmay_temple_entry_tees, minmay_ruined_shrine
D:8:      layout_loops_corners, lemuel_round_altar,
          pdpol_wu_jian_five_deadly_venoms, david_lair_generic, uniq_psyche
Lair:1:   layout_gridlike, grunt_megastairs_3
Lair:2:   layout_chaotic_city, dreamdust_gnoll_shepherd, serial_bayou_shore_a,
          grunt_megastairs_1

Skill      XL: |  1  2  3  4  5  6  7  8  9 10 11 |
---------------+----------------------------------+-----
Fire Magic     | 4 5 6 7 9 10 11 | 11.5
Dodging        | 3 4 5 |  5.4
Spellcasting   | 3 4 5 7 8 10 11 | 11.2
Conjurations   | 2 4 5 6 7 8 |  8.1
Long Blades    | 1 2 4 5 |  5.9
Fighting       | 1 2 3 |  3.2
Evocations     | 3 |  3.0
Stealth        | |  1.4

Action                   |  1- 3 |  4- 6 |  7- 9 | 10-12 || total
-------------------------+-------+-------+-------+-------++-------
Melee: Unarmed           |     5 |     1 |       |       ||     6
       Punch             |     1 |       |       |     1 ||     2
       Long sword        |       |     1 |    53 |    45 ||    99
       Kick              |       |       |    18 |    15 ||    33
 Cast: Foxfire           |    23 |    10 |    52 |    46 ||   131
       Scorch            |     3 |    11 |    48 |    33 ||    95
       Flame Wave        |       |       |     9 |    17 ||    26
  Use: Potion            |     1 |       |     1 |       ||     2
       Scroll            |       |       |    21 |       ||    21
Armor: Robe              |     2 |     1 |    52 |    26 ||    81
Dodge: Dodged            |     9 |     5 |    65 |    44 ||   123
       Repelled          |       |       |     1 |       ||     1
Block: Other             |       |       |    29 |    24 ||    53
       Reflection        |       |       |     5 |     2 ||     7
